 Dungeon Crawl Stone Soup version 0.30-a0-222-ge547ba4400 (webtiles) character file.

Game seed: 695885150214322320

235 jimonade the Magician (level 6, -1/40 HPs)
             Began as a Djinni Necromancer on Oct 8, 2022.
             Slain by an orc
             ... wielding a +0 trident
              (5 damage)
             ... on level 4 of the Dungeon.
             The game lasted 00:05:27 (2340 turns).

jimonade the Magician (Djinni Necromancer)          Turns: 2340, Time: 00:05:27

Health: -1/40      AC:  3    Str:  7    XL:     6   Next: 26%
Gold:   193        EV: 12    Int: 18    God:
                   SH:  0    Dex: 14

rFire   + + .      SeeInvis .    a - +1 dagger (speed)
rCold   x . .      Faith    .    (no shield)
rNeg    . . .      Spirit   .    u - +0 robe
rPois   ∞          Reflect  .    (no helmet)
rElec   .          Harm     .    y - +0 cloak
rCorr   .          Rampage  .    (no gloves)
Will    +....                    (boots unavailable)
Stlth   ++........               (no amulet)
HPRegen 0.26/turn                t - ring of willpower
MPRegen 0.00/turn                (no ring)

@: flying
A: sickness immunity, fire resistance 2, cold vulnerability 1, float, innate
caster, HP casting, extra vitality 1
a: no special abilities


You were on level 4 of the Dungeon.
You visited 1 branch of the dungeon, and saw 4 of its levels.

You collected 193 gold pieces.

Inventory:

Hand Weapons
 a - a +1 dagger of speed (weapon)
 b - a +0 quarterstaff
 d - a +0 dagger
 m - a +0 short sword
Missiles
 n - 5 poisoned darts
 v - a throwing net
Armour
 h - a +0 chain mail
 j - a +0 ring mail
 u - a +0 robe (worn)
 x - a +4 ring mail
 y - a +0 cloak (worn)
Jewellery
 t - a ring of willpower (left hand)
Wands
 q - a wand of paralysis (4)
Scrolls
 c - 4 scrolls of teleportation {unknown}
 g - a scroll of amnesia {unknown}
 i - a scroll of enchant weapon {unknown}
 l - a scroll of immolation {unknown}
 p - 2 scrolls of blinking {unknown}
 s - a scroll of noise {unknown}
 w - a scroll of enchant armour {unknown}
 z - a scroll of fear {unknown}
 A - a scroll of identify {unknown}
Potions
 e - a potion of degeneration {unknown}
 f - a potion of flight {unknown}
 k - 2 potions of curing {unknown}
 o - a potion of ambrosia {unknown}
 r - a potion of lignification {unknown}
 B - a potion of heal wounds {unknown}


   Skills:
 - Level 2.1 Dodging
 - Level 1.5 Stealth
 + Level 5.5 Spellcasting


You couldn't memorise any spells.
You knew the following spells:

 Your Spells              Type           Power      Damage    Failure   Level
a - Necrotise             Necr           100%       1d9       1%          1
b - Vampiric Draining     Necr           25%        2d7       3%          3
c - Animate Dead          Necr           25%        N/A       13%         4
d - Agony                 Necr           25%        N/A       34%         5
e - Slow                  Hex            100%       N/A       1%          1
f - Call Imp              Summ           25%        N/A       1%          2
Your spell library was empty.

Dungeon Overview and Level Annotations

Branches:
Dungeon (4/15)
 Temple: D:4-7

Altars:
Qazlal
Trog
Uskayaw

Shops:
D:2 :

Annotations:
D:4 1 runed translucent door, Bediveer's ghost, amateur HuMo


Innate Abilities, Weirdness & Mutations

You are immune to sickness and miasma.
You are immune to poison.
Your flesh is very heat resistant. (rF++)
You are vulnerable to cold. (rC-)
You float through the air rather than walking.
You learn spells naturally, not from books.
Your magical power is your life essence.
You have superior vitality. (+4 MHP)


Message History

The orc hits you from afar with a +0 trident.
The scorpion writhes in agony.
The scorpion closely misses you. The scorpion stings you.
The orc hits you from afar with a +0 trident!
Your orc priest skeleton closely misses the orc.
You are too injured to fight recklessly!
Aiming: Necrotise (safe; 1% risk of failure)
Press: ? - help, Q - select action, (/) - cycle Shift-Dir - straight line, f/p - scorpion
Aim: a scorpion (severely wounded, chance to affect: 81%)
The scorpion barely resists.
The scorpion stings you but does no damage.
The orc hits you from afar with a +0 trident.
* * * LOW HITPOINT WARNING * * *
Aiming: Necrotise (safe; 1% risk of failure)
Press: ? - help, Q - select action, (/) - cycle Shift-Dir - straight line, f/p - scorpion
Aim: a scorpion (severely wounded, chance to affect: 81%)
The scorpion writhes in agony.
You kill the scorpion!
* * * LOW HITPOINT WARNING * * *
Your orc priest skeleton closely misses the orc wizard.
The orc barely misses you.
You have reached level 6!
Aiming: Necrotise (safe; 1% risk of failure)
Press: ? - help, Q - select action, (/) - cycle Shift-Dir - straight line, f - orc wizard
Aim: an orc wizard, wielding a +0 dagger and wearing a +0 robe (chance to affect: 83%)
The orc wizard writhes in agony!
* * * LOW HITPOINT WARNING * * *
The orc misses you.
The orc wizard hits you with a +0 dagger.
* * * LOW HITPOINT WARNING * * *
Aiming: Necrotise (safe; 1% risk of failure)
Press: ? - help, Q - select action, (/) - cycle Shift-Dir - straight line, f/p - orc wizard
Aim: an orc wizard, wielding a +0 dagger and wearing a +0 robe (severely wounded, chance to affect: 83%)
The orc wizard writhes in agony!
You kill the orc wizard!
* * * LOW HITPOINT WARNING * * *
The dead are walking!
Your orc priest skeleton closely misses the orc.
The orc hits you from afar with a +0 trident.
You die...

###+### ....... .......
Z...... oZ.[...
######)o..... #....@#
#.....# ... #.....# ....
#.....# ....
#.....########
....##########'##.......#
....#.....#.....#.......#
....#.....#.....+.......#
....#.....#.....#.......#


You could see 2 orcs, a friendly orc priest skeleton and a friendly orc wizard
skeleton.

Vanquished Creatures
  A scorpion (D:4)
  A hound (D:4)
  An orc priest (D:4)
  An orc wizard (D:4)
  A gnoll (D:3)
  4 adders
  2 worms
  A dart slug (D:1)
  An orc (D:3)
  4 bats
  5 endoplasms
  2 giant cockroaches (D:3)
  8 goblins
  A hobgoblin (D:3)
  A jackal (D:3)
  9 kobolds
  A quokka (D:3)
  7 ball pythons
  3 frilled lizards
  8 rats
62 creatures vanquished.

Vanquished Creatures (collateral kills)
  2 endoplasms (D:2)
  A hobgoblin (D:2)
  A ball python (D:1)
  A rat (D:2)
5 creatures vanquished.

Grand Total: 67 creatures vanquished

Notes
Turn   | Place    | Note
-------+----------+-------------------------------------------
     0 | D:1      | jimonade the Djinni Necromancer began the quest for the
                  | Orb.
     0 | D:1      | jimonade set off with the following spells memorised:
                  | Necrotise, Vampiric Draining, Animate Dead, Agony.
     0 | D:1      | Reached XP level 1. HP: 15/15 MP: 0/0
   205 | D:1      | Found a faded altar of an unknown god.
   250 | D:1      | Reached XP level 2. HP: 20/21 MP: 0/0
   775 | D:2      | Found a hide-covered altar of Uskayaw.
   804 | D:2      | Reached XP level 3. HP: 21/25 MP: 0/0
   804 | D:2      | Learned a level 1 spell: Slow
   864 | D:2      | Reached skill level 4 in Spellcasting
  1058 | D:2      | Reached XP level 4. HP: 26/31 MP: 0/0
  1213 | D:2      | Found Ivuh's Book Shop.
  1716 | D:3      | Found a stormy altar of Qazlal.
  1717 | D:3      | Found a bloodstained altar of Trog.
  1900 | D:3      | Reached XP level 5. HP: 26/35 MP: 0/0
  1900 | D:3      | Learned a level 2 spell: Call Imp
  2222 | D:4      | Noticed Bediveer's ghost (amateur HuMo)
  2229 | D:4      | Reached skill level 5 in Spellcasting
  2256 | D:4      | Found a runed translucent door.
  2339 | D:4      | Reached XP level 6. HP: 6/40 MP: 0/0
  2340 | D:4      | Slain by an orc

Illustrated notes

Levels and vault maps discovered:
D:1:      dpeg_arrival_lava_altar, layout_basic, ebering_ecumenical_altar_webs
D:2:      layout_loops_ring, basic_altar, serial_shops,
          nicolae_shop_hallway_stairs
D:3:      minmay_bubble_buster, layout_rooms, jmf_multi_god_temple
D:4:      layout_gridville, hellmonk_ghost_happy_afterlife,
          corexii_item_surrounded_by_moat

Skill      XL: |  1  2  3  4  5 |
---------------+----------------+-----
Spellcasting   | 4 5 |  5.5
Dodging        | |  2.1
Stealth        | |  1.5

Action                   |  1- 3 |  4- 6 || total
-------------------------+-------+-------++-------
Melee: Dagger            |     4 |       ||     4
       Quarterstaff      |       |     1 ||     1
 Cast: Necrotise         |    69 |    66 ||   135
Armor: Robe              |    11 |     5 ||    16
Dodge: Dodged            |    27 |    14 ||    41

Table legend: (Time is in decaauts)
 A = Elapsed time spent in this place.
 B = Non-inter-level travel time spent in this place.
 C = Inter-level travel time spent in this place.
 D = Time resting spent in this place.
 E = Time spent auto-exploring this place.
 F = Levels seen in this place.
 G = Mean time per level.
                   A        B        C        D        E       F      G
               +--------+--------+--------+--------+--------+-----+--------+
         Total |   2338 |   2274 |     64 |     42 |   1690 |   4 |  584.5 |
       Dungeon |   2338 |   2274 |     64 |     42 |   1690 |   4 |  584.5 |
               +--------+--------+--------+--------+--------+-----+--------+

Top non-repeatable levels by time:
     D:2: 800 daAuts
     D:1: 786 daAuts
     D:3: 598 daAuts
     D:4: 153 daAuts
